 Dungeon Crawl Stone Soup version 0.29.1-15-g9cfb28693d (webtiles) character file.

Game seed: 15329115960750439389

9 Buffaloe the Shooter (level 2, 28/28 HPs)
             Began as a Troll Hunter on Mar 2, 2023.
             Got out of the dungeon alive.
             The game lasted 00:01:31 (271 turns).

Buffaloe the Shooter (Troll Hunter)                  Turns: 271, Time: 00:01:32

Health: 28/28      AC:  4    Str: 18    XL:     2   Next: 6%
Magic:  1/1        EV: 10    Int:  5    God:
Gold:   11         SH:  0    Dex: 13    Spells: 1/1 levels left

rFire   . . .      SeeInvis .   (no weapon)
rCold   . . .      Faith    .   (no shield)
rNeg    . . .      Spirit   .   c - +0 robe
rPois   .          Reflect  .   (helmet restricted)
rElec   .          Harm     .   (no cloak)
rCorr   .          Rampage  .   (gloves unavailable)
Will    .....                   (boots unavailable)
Stlth   +.........              (no amulet)
HPRegen 0.89/turn               (no ring)
MPRegen 0.07/turn               (no ring)

@: no status effects
A: large, unfitting armour, claws 3, regeneration 1, shaggy fur 1, tough skin 1
a: no special abilities


You escaped.
You visited 1 branch of the dungeon, and saw 1 of its levels.

You collected 11 gold pieces.

Inventory:

Hand Weapons
 a - a +0 whip
Armour
 c - a +0 robe (worn)
Scrolls
 b - a scroll of immolation
 d - 3 scrolls of identify {unknown}
Potions
 e - a potion of heal wounds {unknown}


   Skills:
 + Level 1.8 Fighting
 - Level 2.6 Ranged Weapons
 + Level 0.5 Armour
 + Level 1.8 Dodging
 - Level 0.3 Stealth


You had one spell level left.
You didn't know any spells.
Your spell library contained the following spells:

 Spells                   Type           Power      Damage    Failure   Level
 Ensorcelled Hibernation  Hex/Ice        0%         N/A       63%         2
 Passwall                 Tmut/Erth      0%         N/A       63%         2
 Swiftness                Air            0%         N/A       85%         3


Dungeon Overview and Level Annotations

Branches:
Dungeon (1/15)

Altars:


Innate Abilities, Weirdness & Mutations

You are too large for most types of armour.
You have claws for hands.
Your natural rate of healing is unusually fast.
You are covered in fur. (AC +1)
You have tough skin. (AC +1)


Message History

There is an open door here.
d - 3 scrolls labelled TAUKAFETHROCK (gained 1)
You open the door.
A rat comes into view.
There is an open door here.
The helpless rat fails to defend itself.
You scratch the rat.
You kill the rat!
You have reached level 2!
You see here a rat corpse.
Found 6 poisoned darts.
A bat comes into view.
You see here 6 poisoned darts.
The bat hits you. The bat attacks as you move away!
The bat hits you but does no damage. x2
The bat misses you. The bat hits you but does no damage.
The bat closely misses you. The bat misses you.
You claw the bat!
You kill the bat!
No target in view!
As you open the door, it creaks loudly!
There is an open door here.
There is an open door here.
You see here a hobgoblin corpse.
You see here a quokka corpse.
Press: ? - help, . - travel You can't see that place. [the floor.]
You open the door.
There is an open door here.
There is a staircase leading out of the dungeon here.
(D) Dungeon
Where to? (Enter - D:1 @ (x,y), ? - help)
Okay, then.
You can't go up here!
There is a staircase leading out of the dungeon here.
Are you sure you want to leave the Dungeon?
This will make you lose the game!
You have escaped!

#.# #.# ♣♣ #.####
### ♣♣.♣♣ #.##.##
#.#♣♣.~.#♣♣.♣
##.#...#
#...........♣
.......#
#...........#
##.#...#
#..##'####..
#.##..#♣♣..#.....#
#.###.##...'...@.#
#.###...♣..#..P..#
#...####...#.....#
###.# ##..#.....#
#.# ♣..####### #.#
#.........
###.###♣#.........
#.......##♣#♣.♣.♣#
#.#.###.# #.##


There were no monsters in sight!

Vanquished Creatures
  A ball python (D:1)
  A bat (D:1)
  An endoplasm (D:1)
  A hobgoblin (D:1)
  A kobold (D:1)
  A quokka (D:1)
  2 rats (D:1)
8 creatures vanquished.

Notes
Turn   | Place    | Note
-------+----------+-------------------------------------------
     0 | D:1      | Buffaloe the Troll Hunter began the quest for the Orb.
     0 | D:1      | Reached XP level 1. HP: 19/19 MP: 0/0
   131 | D:1      | Reached XP level 2. HP: 28/28 MP: 1/1
   271 | D:$      | Got out of the dungeon alive.

Illustrated notes

Levels and vault maps discovered:
D:1:      saegor_arrival_under_anarchy, layout_loops_corners,
          hellmonk_ecumenical_altar_crossroads

Action                   || total
-------------------------++-------
Melee: Unarmed           ||    15
 Fire: Shortbow          ||     1
 Stab: Sleeping          ||     1
Armor: Robe              ||     4
Dodge: Dodged            ||     9
